 Dungeon Crawl Stone Soup version 0.19.1-1-g22dce08 (webtiles) character file.

17523 Lahna the Carver (level 12, -3/73 HPs)
             Began as a Halfling Fighter on Jan 18, 2017.
             Was a High Priest of Hepliaklqana.
             Killed from afar by a rime drake (18 damage)
             ... with a flash freeze
             ... on level 2 of the Lair of Beasts.
             The game lasted 00:46:33 (14044 turns).

Lahna the Carver (Halfling Fighter)                Turns: 14044, Time: 00:46:33

Health: -3/73      AC: 17    Str: 21    XL:     12   Next: 83%
Magic:  0/15       EV: 14    Int:  6    God:    Hepliaklqana [*****.]
Gold:   677        SH:  7    Dex: 15    Spells: 1 memorised, 9 levels left

rFire  + + .     SeeInvis .     p - +2 scimitar (flame)
rCold  . . .     Gourm    .     Q - +0 plate armour
rNeg   . . .     Faith    .     m - +0 buckler {rPois}
rPois  +         Spirit   +     (no helmet)
rElec  .         Reflect  .     d - +0 cloak
rCorr  .         Harm     .     n - +2 pair of gloves {archery}
MR     .....                    (no boots)
Stlth  ..........               G - amulet of guardian spirit
                                c - ring of protection from fire
                                s - ring of protection from fire

@: no status effects
A: reduced essence, mutation resistance 1
a: Recall Ancestor, Ancestor Identity, Transference, Idealise, Renounce Religion


You were on level 2 of the Lair of Beasts.
You worshipped Hepliaklqana.
Hepliaklqana was extremely pleased with you.
You were not hungry.

You visited 2 branches of the dungeon, and saw 13 of its levels.

You collected 677 gold pieces.

Inventory:

Hand Weapons
 p - a +2 scimitar of flaming (weapon)
Armour
 d - a +0 cloak (worn)
 m - a +0 buckler of poison resistance (worn)
 n - a +2 pair of gloves of archery (worn)
 P - the +10 chain mail "Kutz" {rPois Str+4, unknown}
   (You found it on level 2 of the Lair of Beasts)

   It affects your strength (+4).
   It protects you from poison.
 Q - a +0 plate armour (worn)
Jewellery
 c - a ring of protection from fire (right hand)
 s - a ring of protection from fire (left hand)
 t - an uncursed ring of poison resistance
 y - a +6 ring of protection {unknown}
 G - an amulet of guardian spirit (around neck)
Wands
 i - a wand of digging (14/24)
 u - a wand of lightning (2/15)
 x - a wand of iceblast (11/15)
 z - a wand of enslavement (12/24)
 E - a wand of enslavement (13/24)
 F - a wand of lightning (11/15)
 J - a wand of slowing (11/48)
 M - a wand of disintegration (18/24)
 O - a wand of polymorph (11/24)
Scrolls
 a - a scroll of torment {unknown}
 b - 2 scrolls of teleportation
 e - 5 scrolls of remove curse
 h - a scroll of brand weapon {unknown}
 j - 3 scrolls of identify
 q - a scroll of immolation {unknown}
 w - 2 scrolls of blinking {unknown}
 N - a scroll of recharging {unknown}
Potions
 g - a potion of resistance
 k - 2 potions of cancellation {unknown}
 l - 4 potions of flight
 o - a potion of agility {unknown}
 r - 3 potions of curing
 A - 2 potions of invisibility
 C - 3 potions of brilliance
 D - 2 potions of cure mutation
Books
 H - a book of Flames

   Spells                             Type                      Level
   a - Flame Tongue                   Conjuration/Fire             1
   b - Throw Flame                    Conjuration/Fire             2
   c - Conjure Flame                  Conjuration/Fire             3
   d - Inner Flame                    Hexes/Fire                   3
   e - Sticky Flame                   Conjuration/Fire             4
   f - Fireball                       Conjuration/Fire             5
 I - a book of Minor Magic

   Spells                             Type                      Level
   a - Magic Dart                     Conjuration                  1
   b - Blink                          Translocation                2
   c - Call Imp                       Summoning                    2
   d - Repel Missiles                 Charms/Air                   2
   e - Slow                           Hexes                        2
   f - Conjure Flame                  Conjuration/Fire             3
   g - Mephitic Cloud                 Conjuration/Poison/Air       3
Comestibles
 f - 11 bread rations
 v - 9 chunks of flesh
 B - 4 meat rations
 K - 14 fruits
 L - a slice of pizza


   Skills:
 - Level 8.0 Fighting
 + Level 11.5 Long Blades
 - Level 7.0 Armour
 - Level 10.0 Dodging
 - Level 7.0 Shields
 - Level 7.0 Translocations
 - Level 5.0 Invocations


You had 9 spell levels left.
You knew the following spells:

 Your Spells              Type           Power        Failure   Level  Hunger
a - Blink                 Tloc           N/A          80%         2    ###....


Dungeon Overview and Level Annotations

Branches:
Dungeon (10/15)            Temple (0/1) D:4            Lair (3/6) D:9
  Swamp (0/4) Lair:2          Orc (0/2) D:10
  Snake: Lair:2-4    Spider: Lair:2-4

Altars:
Ashenzari
Dithmenos
Gozag
Hepliaklqana
Makhleb
Okawaru
Qazlal
Yredelemnul
The Shining One

Shops:
D:4 (   D:7 ?

Annotations:
D:6 exclusion: oklob plant


Innate Abilities, Weirdness & Mutations

You are small and have problems with some larger weapons.
You are somewhat resistant to further mutation.
Your life essence is reduced. (-10% HP)


Message History

The six-headed hydra bites you but does no damage. x2
The six-headed hydra bites you. The six-headed hydra misses you.
The six-headed hydra barely misses you.
You block the hippogriff's attack. x2; The hippogriff barely misses you.
Siika closely misses the six-headed hydra.
The bullfrog closely misses you.
Your surroundings suddenly seem different.
Found a bread ration.
A rime drake comes into view.
The rime drake hisses angrily.
The rime drake breathes ice at you. The flash freeze hits you!
* * * LOW HITPOINT WARNING * * *
You are encased in ice.
Siika has departed this plane of existence.
You see here a bread ration.
The ice encasing you melts away. The rime drake breathes ice at you.
The flash freeze hits you!
You die...

#........###.≈≈≈≈≈
#............≈≈.≈≈
###................. #
###........#..........
#.#..#........#..#......
........................
...###.%.......P.###....
###≈##.........P.#.#....
≈≈≈≈≈..@...........P.D..
≈≈≈≈≈#..................
#≈≈≈≈#.k................
.#.#≈...................
........................
#...#....#.#..P.#####
................#
................#
..............#


You could see a rime drake.

Vanquished Creatures
  Josephine (D:10)
  The ghost of fatfloppyjuicyveiny the Markscentaur, a journeyman CeHu of Okawaru (D:10)
  A hydra (Lair:1)
  Nergalle (Lair:1)
  The ghost of Lahna the Cutter, a novice HaFi of Trog (D:6)
  A spiny frog (Lair:1)
  An efreet (D:10)
  4 blink frogs (Lair:3)
  A troll (D:9)
  A two-headed ogre (D:9)
  Prince Ribbit (D:5)
  2 hippogriffs
  Sigmund (D:2)
  A spriggan (D:8)
  5 wraiths (D:10)
  18 yaks
  A warg (D:9)
  2 water moccasins
  4 orc warriors
  The ghost of Conk3r the Ruffian, an amateur TrMo (D:3)
  A black bear (D:6)
  2 sky beasts
  An eye of draining (D:10)
  A hornet zombie (D:8)
  2 necrophages (D:7)
  An ice beast (D:10)
  An ogre (D:4)
  4 centaurs
  2 big kobolds
  3 crocodiles (Lair:1)
  2 gnoll sergeants
  2 bullfrogs
  A wyvern skeleton (D:9)
  2 scorpions
  5 wights
  2 howler monkeys (D:10)
  An electric eel (Lair:2)
  6 crimson imps
  A quasit (D:5)
  A centaur zombie (D:8)
  A bullfrog zombie (D:8)
  5 orc priests
  2 bullfrog skeletons
  A gnoll shaman (D:6)
  2 hounds
  A jelly (D:6)
  A centaur skeleton (D:8)
  3 iguanas
  6 orc wizards
  3 worker ants
  6 adders
  21 gnolls
  A shadow imp (D:6)
  2 oozes
  2 adder zombies
  An adder skeleton (D:6)
  3 worms
  2 dart slugs
  4 leopard geckos
  31 orcs
  15 goblins
  5 hobgoblins
  9 jackals
  14 kobolds
  3 quokkas
  A ball python (D:5)
  4 bats (D:1)
  A frilled lizard (D:1)
  A quokka skeleton (D:7)
  4 rats
245 creatures vanquished.

Vanquished Creatures (collateral kills)
  A hydra (D:10)
  A swamp dragon (Lair:2)
  A hill giant (D:10)
  A hippogriff (D:10)
  6 yaks
  A warg (D:10)
  A water moccasin (Lair:1)
  Purgy (D:4)
  2 orc warriors
  A black bear (D:7)
  An ogre (D:9)
  2 centaurs (D:8)
  A wyvern zombie (D:7)
  3 bullfrogs
  A wight (D:10)
  An electric eel (Lair:2)
  A quasit (D:7)
  Crazy Yiuf (D:2)
  2 orc priests
  A hound (D:6)
  2 jellies
  An orc wizard (D:9)
  An iguana (D:10)
  A worker ant (D:9)
  3 gnolls
  2 adders (D:6)
  An ooze (D:4)
  A leopard gecko (D:10)
  9 orcs
  A goblin (D:3)
  A bat (D:3)
  A frilled lizard (Lair:2)
  A kobold (D:7)
  A fungus (Lair:2)
56 creatures vanquished.

Vanquished Creatures (others)
  A bullfrog (Lair:2)
  8 hexers
  3 ancestors
  A frilled lizard (Lair:2)
  10 plants (Lair:2)
23 creatures vanquished.

Grand Total: 324 creatures vanquished

Notes
Turn   | Place    | Note
-------+----------+-------------------------------------------
     0 | D:1      | Lahna the Halfling Fighter began the quest for the Orb.
     0 | D:1      | Reached XP level 1. HP: 15/15 MP: 1/1
   140 | D:1      | Reached XP level 2. HP: 20/20 MP: 2/2
   167 | D:1      | Reached skill level 3 in Long Blades
   284 | D:1      | Reached XP level 3. HP: 25/25 MP: 3/3
   686 | D:2      | Noticed Sigmund
   725 | D:2      | Killed Sigmund
   725 | D:2      | Reached skill level 5 in Long Blades
   725 | D:2      | Reached XP level 4. HP: 15/30 MP: 4/4
   725 | D:2      | Reached XP level 5. HP: 17/35 MP: 5/5
   725 | D:2      | Reached XP level 6. HP: 20/41 MP: 6/6
   838 | D:2      | Found a hazy altar of Hepliaklqana.
   936 | D:2      | Became a worshipper of Hepliaklqana the Forgotten
  1097 | D:2      | Found a runed door.
  1222 | D:2      | Found a burning altar of Makhleb.
  1462 | D:2      | Noticed Crazy Yiuf
  1473 | D:2      | Killed Crazy Yiuf
  1473 | D:2      | Reached skill level 1 in Dodging
  1601 | D:3      | Found a stormy altar of Qazlal.
  1653 | D:3      | Reached * piety under Hepliaklqana
  1837 | D:3      | Noticed Conk3r's ghost (amateur TrMo)
  1868 | D:3      | Killed Conk3r's ghost
  1868 | D:3      | Reached XP level 7. HP: 30/44 MP: 7/7
  2249 | D:4      | Noticed Purgy
  2262 | D:4      | Killed Purgy
  2262 | D:4      | Reached skill level 5 in Fighting
  2333 | D:4      | Found Eseiss's Weapon Emporium.
  2581 | D:4      | Reached skill level 6 in Long Blades
  2581 | D:4      | Reached XP level 8. HP: 50/50 MP: 8/8
  2620 | D:4      | Found a staircase to the Ecumenical Temple.
  2897 | D:5      | Entered Level 5 of the Dungeon
  2899 | D:5      | Reached ** piety under Hepliaklqana
  2905 | D:5      | Remembered your ancestor Siika as a hexer
  2909 | D:5      | Reached skill level 5 in Armour
  3269 | D:5      | Noticed Prince Ribbit
  3280 | D:5      | Killed Prince Ribbit
  3280 | D:5      | Reached skill level 5 in Shields
  3851 | D:6      | Reached XP level 9. HP: 54/54 MP: 9/9
  3861 | D:6      | Noticed Lahna's ghost (novice HaFi)
  3885 | D:6      | Killed Lahna's ghost
  4345 | D:6      | Reached skill level 7 in Long Blades
  4445 | D:6      | Found a shattered altar of Ashenzari.
  4532 | D:6      | Noticed an oklob plant
  4689 | D:6      | Reached skill level 8 in Long Blades
  5103 | D:6      | Found an iron altar of Okawaru.
  5462 | D:7      | Reached XP level 10. HP: 43/61 MP: 5/10
  5760 | D:7      | Found a shadowy altar of Dithmenos.
  5982 | D:7      | Found Kiojysuf's Magic Scroll Shoppe.
  6059 | D:8      | Reached *** piety under Hepliaklqana
  6962 | D:8      | Found a stormy altar of Qazlal.
  7457 | D:8      | Reached skill level 9 in Long Blades
  7768 | D:9      | Found a glowing golden altar of the Shining One.
  7794 | D:9      | Found a staircase to the Lair.
  7993 | D:10     | Entered Level 10 of the Dungeon
  8329 | D:10     | Reached XP level 11. HP: 21/69 MP: 6/11
  9081 | D:9      | Reached **** piety under Hepliaklqana
  9997 | D:10     | Noticed a seven-headed hydra
 10238 | D:10     | Noticed fatfloppyjuicyveiny's ghost (journeyman CeHu)
 10272 | D:10     | Killed fatfloppyjuicyveiny's ghost
 10377 | D:10     | Reached skill level 10 in Dodging
 10696 | D:10     | Reached skill level 10 in Long Blades
 10944 | D:10     | Found an opulent altar of Gozag.
 11008 | D:10     | Killed a two-headed hydra
 11045 | D:10     | Noticed a hill giant
 11058 | D:10     | Killed a hill giant
 11149 | D:10     | Reached XP level 12. HP: 20/73 MP: 6/12
 11161 | D:10     | Reached skill level 11 in Long Blades
 11622 | D:10     | Identified 2 scrolls of acquirement
 11800 | D:7      | Learned a level 2 spell: Blink
 12093 | D:10     | Reached skill level 1 in Translocations
 12117 | D:10     | Found a staircase to the Orcish Mines.
 12321 | D:10     | Noticed Josephine
 12345 | D:10     | Killed Josephine
 12604 | D:10     | Reached skill level 5 in Translocations
 12718 | Lair:1   | Entered Level 1 of the Lair of Beasts
 12721 | Lair:1   | Found a basalt altar of Yredelemnul.
 12740 | Lair:1   | Noticed a five-headed hydra
 12749 | Lair:1   | Killed a one-headed hydra
 12933 | Lair:1   | Reached ***** piety under Hepliaklqana
 13131 | Lair:1   | Noticed Nergalle
 13148 | Lair:1   | Killed Nergalle
 13455 | Lair:1   | Reached skill level 1 in Invocations
 13537 | Lair:2   | Found a staircase to the Swamp.
 13538 | Lair:2   | Noticed a swamp dragon
 13553 | Lair:2   | Killed a swamp dragon
 13563 | Lair:2   | Got a pitted chain mail
 13819 | Lair:2   | You fall through a shaft!
 13834 | Lair:2   | Noticed an eight-headed hydra
 13863 | Lair:3   | Reached skill level 5 in Invocations
 14031 | Lair:2   | Noticed a four-headed hydra
 14044 | Lair:2   | Killed from afar by a rime drake

Skill      XL: |  1  2  3  4  5  6  7  8  9 10 11 12 |
---------------+-------------------------------------+-----
Long Blades    | 3 5 6 8 9 10 11 | 11.5
Fighting       | 4 5 6 8 |  8.0
Dodging        | 2 4 7 10 | 10.0
Armour         | 5 6 7 |  7.0
Shields        | 5 7 |  7.0
Translocations | 7 |  7.0
Invocations    | 5 |  5.0

Action                   |  1- 3 |  4- 6 |  7- 9 | 10-12 || total
-------------------------+-------+-------+-------+-------++-------
Melee: Long sword        |    62 |   129 |   281 |   543 ||  1015
       Scimitar          |       |       |       |   296 ||   296
Invok: Ancestor Identity |       |     1 |       |       ||     1
       Ancestor Life: He |       |       |     1 |       ||     1
  Use: Potion            |     1 |     1 |     2 |     3 ||     7
       Scroll            |       |     1 |     1 |    19 ||    21
 Stab: Confused          |       |       |     5 |    10 ||    15
       Distracted        |       |       |     2 |     8 ||    10
  Eat: Chunk             |       |     3 |    10 |    25 ||    38
       Beef jerky        |       |       |     1 |     1 ||     2
       Fruit             |       |       |       |     2 ||     2
       Pizza             |       |       |       |     1 ||     1
Armor: Scale mail        |    30 |    36 |     1 |       ||    67
       Chain mail        |       |       |   148 |    40 ||   188
       Plate armour      |       |       |       |   228 ||   228
Dodge: Dodged            |    23 |    35 |   135 |   319 ||   512
Block: Shield            |    31 |    53 |   192 |   350 ||   626
       Buckler           |       |       |       |    69 ||    69
       Rpst.: Long sword |     4 |    10 |    44 |    47 ||   105
       Scimitar          |       |       |       |    39 ||    39
